 Dungeon Crawl Stone Soup version 0.18.1-8-gdd0e5ea (webtiles) character file.

8827 nikopol the Cleaver (level 11, -6/99 HPs)
             Began as a Minotaur Fighter on May 23, 2016.
             Was a High Priest of Okawaru.
             Mangled by an elephant (9 damage)
             ... on level 2 of the Lair of Beasts.
             The game lasted 00:30:21 (8892 turns).

nikopol the Cleaver (Minotaur Fighter)              Turns: 8892, Time: 00:30:22

Health: -6/99      AC: 19    Str: 22    XL:     11   Next: 15%
Magic:  9/10       EV: 12    Int:  5    God:    Okawaru [*****.]
Gold:   388        SH: 16    Dex: 12    Spells: 0 memorised, 10 levels left

rFire  . . .     SeeInvis +     o - +4 hand axe
rCold  . . .     Gourm    .     J - +0 scale mail
rNeg   . . .     Faith    .     c - +2 shield
rPois  .         Spirit   .     (helmet restricted)
rElec  .         Dismiss  .     u - +1 cloak
rCorr  .         Reflect  .     O - +2 pair of gloves
SustAt .         Harm     .     S - +1 pair of boots
MR     .....                    r - amulet of regeneration
Stlth  +.........               w - ring of see invisible
                                t - ring of flight

@: lethally poisoned (-6 -> -8), heroism, not resistant to hostile enchantments,
very unstealthy
A: retaliatory headbutt, horns 2
a: Heroism, Finesse, Renounce Religion, Evoke Flight


You were on level 2 of the Lair of Beasts.
You worshipped Okawaru.
Okawaru was extremely pleased with you.
You were hungry.

You visited 3 branches of the dungeon, and saw 11 of its levels.
You also visited: Ossuary.

You collected 613 gold pieces.
You spent 225 gold pieces at shops.

Inventory:

Hand Weapons
 o - a +4 hand axe (weapon)
Missiles
 D - 7 tomahawks (quivered)
Armour
 c - a +2 shield (worn)
 u - a +1 cloak (worn)
 J - a +0 scale mail (worn)
 O - a +2 pair of gloves (worn)
 S - a +1 pair of boots (worn)
Rods
 a - a +0 rod of ignition (9/9)
   (You found it on level 7 of the Dungeon)
 z - a +3 iron rod (9/9)
   (You found it on level 2 of the Lair of Beasts)
Jewellery
 r - an amulet of regeneration (around neck)
 t - a ring of flight (left hand)
 w - a ring of see invisible (right hand)
Wands
 g - a wand of paralysis (10/24)
 n - a wand of teleportation (6/9)
 q - a wand of lightning (7/15)
 y - a wand of disintegration (14/24)
 G - a wand of flame (23/48)
 N - a wand of iceblast (11/15)
 R - a wand of slowing (25/48)
Scrolls
 b - a scroll of fear {unknown}
 e - 6 scrolls of remove curse
 l - a scroll of magic mapping
 x - 2 scrolls of fog
 C - a scroll of identify
 H - a scroll of enchant weapon
Potions
 d - 3 potions of might
 h - 8 potions of curing
 i - 3 potions of heal wounds
 j - a potion of cancellation
 m - a potion of resistance
 A - 2 potions of cure mutation
 B - a potion of agility
 F - a potion of haste
 I - 2 potions of flight
 K - 2 potions of brilliance
 P - 2 potions of lignification {unknown}
Comestibles
 f - 6 bread rations
 k - 5 fruits
 p - 2 royal jellies
 s - 3 meat rations
 v - 3 slices of pizza
 E - a beef jerky
 L - 13 chunks of flesh


   Skills:
 + Level 10.1(15.1) Fighting
 * Level 12.2(17.4) Axes
   Level 3.7(13.8) Polearms
 + Level 2.5(7.5) Throwing
 + Level 9.8(14.8) Armour
 + Level 9.9(14.9) Shields


You had 10 spell levels left.
You didn't know any spells.

Dungeon Overview and Level Annotations

Branches:
Dungeon (8/15)             Temple (1/1) D:6            Lair (2/8) D:8

Altars:
Ashenzari
Dithmenos
Elyvilon
Fedhas
Gozag
Kikubaaqudgha
Makhleb
Nemelex Xobeh
Okawaru
Pakellas
Qazlal
Ru
Sif Muna
Trog
Vehumet
Xom
Yredelemnul
Zin
The Shining One

Shops:
D:6 *


Innate Abilities, Weirdness & Mutations

You reflexively headbutt those who attack you in melee.
You have a pair of horns on your head.


Message History

The spiny frog stings you!
* * * LOW HITPOINT WARNING * * *
You feel sick. You block the elephant's attack. x3
The elephant trunk-slaps you but does no damage.
You hit the spiny frog but do no damage.
The spiny frog is severely wounded.
You hit the elephant but do no damage.
The elephant is moderately wounded.
You hit the elephant.
The elephant is lightly wounded.
You feel sick. You block the elephant's attack.
The elephant closely misses you. The spiny frog misses you.
You barely miss the spiny frog. You headbutt the spiny frog.
The spiny frog is severely wounded.
You hit the elephant.
The elephant is moderately wounded.
You slash the elephant!
The elephant is moderately wounded.
You feel sick. The elephant tramples you!
You die...

#................# ##......
#P...............## #...P.#
...........(......#
##.####.
.....#..####.......#
#P.##### ......###
#.......### ##.#P### .....#
#.........## #...... ....
##.......P.#####......
#P.......รท.>..........
##.).@................
#...YFY...............
##.#..#Y###.###.####.#..
P?##.##..#(..#.# ### ###..
(.(((.....##...## ##..
Y........####...### ###...
..........# ##..#.####P.P..
.........##.##.............
...........................


You could see 3 elephants and a spiny frog.

Vanquished Creatures
  The ghost of Yehuk the Arsonist, a novice DEFE of Vehumet (D:8)
  4 elephants (Lair:2)
  A black mamba (Lair:2)
  A spiny frog (Lair:1)
  2 komodo dragons (Lair:1)
  The ghost of deorigin the Changer, an amateur NaTm (D:4)
  5 blink frogs (Lair:2)
  3 hippogriffs
  2 wargs (D:8)
  4 water moccasins
  A porcupine (Lair:1)
  A black bear (D:8)
  4 orc warriors
  An ice beast (D:6)
  3 phantoms
  3 ogres
  A wasp (D:6)
  A necrophage (D:8)
  4 crocodiles
  The ghost of MARSONE the Shield-Bearer, an amateur GrFi (D:3)
  A big kobold (D:8)
  Blork the orc (D:6)
  7 giant frogs
  2 scorpions (D:7)
  A crimson imp (D:6)
  2 hounds
  A giant frog skeleton (D:5)
  2 giant frog zombies (D:5)
  Crazy Yiuf (D:6)
  4 jellies
  3 orc priests
  2 iguanas
  Natasha (thrice) (D:2)
  5 orc wizards
  5 worker ants
  A killer bee zombie (D:8)
  7 big kobold zombies (Ossuary)
  2 hound zombies
  A howler monkey zombie (D:7)
  A mummy (Ossuary)
  7 gnolls
  A howler monkey skeleton (D:4)
  7 adders
  20 river rats
  A shadow imp (D:7)
  An ooze (D:1)
  2 adder skeletons (D:5)
  3 worms
  3 dart slugs (D:2)
  4 giant geckos
  20 orcs
  A spectral bat (Ossuary)
  6 ball pythons (D:2)
  4 giant cockroaches
  3 goblins (D:1)
  10 hobgoblins
  6 jackals
  A quokka (D:4)
  A bat (D:3)
  6 bat simulacra (Ossuary)
  3 giant newts
  5 gnoll zombies (Ossuary)
  3 goblin simulacra (Ossuary)
  5 goblin zombies (Ossuary)
  7 hobgoblin zombies (Ossuary)
  A jackal skeleton (D:5)
  8 kobolds
  2 kobold simulacra (Ossuary)
  2 kobold zombies (Ossuary)
  4 orc zombies (Ossuary)
  4 rats
  2 rat simulacra (Ossuary)
  3 spectral goblins (Ossuary)
  5 spectral kobolds (Ossuary)
  4 spectral rats (Ossuary)
  A fungus (Lair:1)
262 creatures vanquished.

Notes
Turn   | Place    | Note
--------------------------------------------------------------
     0 | D:1      | nikopol the Minotaur Fighter began the quest for the Orb.
     0 | D:1      | Reached XP level 1. HP: 19/19 MP: 0/0
   133 | D:1      | Reached XP level 2. HP: 23/27 MP: 1/1
   652 | D:1      | You fall through a shaft!
   660 | D:2      | Reached XP level 3. HP: 33/33 MP: 2/2
  1064 | D:2      | Reached XP level 4. HP: 30/40 MP: 3/3
  1094 | D:2      | Found an ancient bone altar of Kikubaaqudgha.
  1120 | D:2      | Noticed Natasha
  1130 | D:2      | Found an oddly glowing altar of Pakellas.
  1130 | D:2      | Found an opulent altar of Gozag.
  1238 | D:2      | Killed Natasha
  1238 | D:2      | Reached skill level 5 in Shields
  1318 | D:2      | Noticed Natasha
  1326 | D:2      | Killed Natasha
  1326 | D:2      | Reached XP level 5. HP: 30/47 MP: 4/4
  1373 | D:2      | Noticed Natasha
  1379 | D:2      | Killed Natasha
  2188 | D:3      | Noticed MARSONE's ghost (amateur GrFi)
  2208 | D:3      | Killed MARSONE's ghost
  2208 | D:3      | Reached skill level 5 in Fighting
  2208 | D:3      | Reached skill level 1 in Axes
  2208 | D:3      | Reached skill level 5 in Armour
  2208 | D:3      | Reached XP level 6. HP: 48/56 MP: 5/5
  2388 | D:4      | Reached skill level 2 in Axes
  2425 | D:4      | Noticed deorigin's ghost (amateur NaTm)
  2452 | D:4      | Killed deorigin's ghost
  2452 | D:4      | Reached skill level 3 in Axes
  2452 | D:4      | Reached XP level 7. HP: 29/61 MP: 6/6
  2612 | D:4      | Reached skill level 4 in Axes
  2774 | D:4      | Got a glittering ruby amulet
  3001 | D:4      | Reached skill level 5 in Axes
  3014 | D:4      | Identified the amulet of Leaves {RegenMP +Blink rC++ MP-9 Stlth+} (You found it on level 4 of the Dungeon)
  3124 | D:5      | Entered Level 5 of the Dungeon
  3388 | D:5      | Found a radiant altar of Vehumet.
  3723 | D:5      | Reached XP level 8. HP: 70/70 MP: 7/7
  3812 | D:6      | Reached skill level 6 in Axes
  3841 | D:6      | Found a sand-covered staircase.
  3849 | Ossuary  | Entered an ossuary
  4156 | Ossuary  | Reached skill level 7 in Axes
  4311 | D:6      | Found a sacrificial altar of Ru.
  4362 | D:6      | Noticed Blork the orc
  4371 | D:6      | Killed Blork the orc
  4452 | D:6      | Found Nuisan's General Store.
  4461 | D:6      | Bought a scroll of identify for 22 gold pieces
  4461 | D:6      | Bought a scroll of identify for 22 gold pieces
  4461 | D:6      | Bought a +2 pair of gloves for 181 gold pieces
  4678 | D:6      | Found a staircase to the Ecumenical Temple.
  4722 | Temple   | Entered the Ecumenical Temple
  4831 | Temple   | Became a worshipper of Warmaster Okawaru
  4994 | D:6      | Noticed Crazy Yiuf
  5001 | D:6      | Killed Crazy Yiuf
  5079 | D:7      | Reached XP level 9. HP: 68/79 MP: 8/8
  5095 | D:7      | Reached skill level 8 in Axes
  5215 | D:7      | Reached * piety under Okawaru
  5260 | D:7      | Got a steaming buckler
  5271 | D:7      | Identified the +1 buckler of the Desert {MP+9 Int+4} (You found it on level 7 of the Dungeon)
  5297 | D:7      | Found a shadowy altar of Dithmenos.
  5666 | D:7      | Found a glowing silver altar of Zin.
  5666 | D:7      | Noticed an angel
  5982 | D:8      | Noticed Yehuk's ghost (novice DEFE)
  5992 | D:8      | Killed Yehuk's ghost
  5992 | D:8      | Reached skill level 9 in Axes
  6256 | D:8      | Found a staircase to the Lair.
  6288 | D:8      | Reached ** piety under Okawaru
  6543 | D:8      | Reached skill level 10 in Axes
  6824 | D:8      | Reached XP level 10. HP: 90/90 MP: 9/9
  7077 | Lair:1   | Entered Level 1 of the Lair of Beasts
  7198 | Lair:1   | Noticed a spiny frog
  7213 | Lair:1   | Killed a spiny frog
  7239 | Lair:1   | Reached *** piety under Okawaru
  7697 | Lair:1   | Reached skill level 11 in Axes
  8228 | Lair:2   | Reached **** piety under Okawaru
  8653 | Lair:2   | Reached skill level 1 in Throwing
  8801 | Lair:2   | Noticed a black mamba
  8810 | Lair:2   | Killed a black mamba
  8811 | Lair:2   | Noticed an elephant
  8812 | Lair:2   | Noticed an elephant
  8814 | Lair:2   | Noticed an elephant
  8814 | Lair:2   | Noticed an elephant
  8814 | Lair:2   | Noticed an elephant
  8815 | Lair:2   | Noticed an elephant
  8826 | Lair:2   | Noticed an elephant
  8838 | Lair:2   | Killed an elephant
  8838 | Lair:2   | Reached ***** piety under Okawaru
  8838 | Lair:2   | Reached skill level 10 in Fighting
  8838 | Lair:2   | Reached skill level 12 in Axes
  8838 | Lair:2   | Reached XP level 11. HP: 80/99 MP: 10/10
  8853 | Lair:2   | Received a gift from Okawaru
  8891 | Lair:2   | HP: 4/99 [poisoned by a spiny frog]
  8892 | Lair:2   | Mangled by an elephant

Skill      XL: |  1  2  3  4  5  6  7  8  9 10 |
---------------+-------------------------------+-----
Shields        | 4 5 6 7 8 9 |  9.9
Armour         | 4 5 6 7 8 9 |  9.8
Fighting       | 4 5 6 7 8 10 | 10.1
Polearms       | 3 |  3.7
Axes           | 1 3 5 7 10 12 | 12.2
Throwing       | 2 |  2.5

Action                   |  1- 3 |  4- 6 |  7- 9 | 10-12 || total
-------------------------+-------+-------+-------+-------++-------
Melee: Trident           |   100 |    57 |       |       ||   157
       Headbutt          |     9 |    17 |   114 |    66 ||   206
       Hand axe          |       |    67 |   537 |   250 ||   854
Throw: Tomahawk          |       |       |       |     6 ||     6
Invok: Heroism           |       |       |       |     1 ||     1
  Use: Scroll            |       |       |    14 |     7 ||    21
       Potion            |       |       |     1 |       ||     1
  Eat: Chunk             |     1 |     4 |    15 |     6 ||    26
Armor: Scale mail        |    24 |    40 |   136 |    71 ||   271
Dodge: Dodged            |    25 |    21 |    96 |    57 ||   199
Block: Shield            |    44 |    50 |   230 |   153 ||   477
